 Dungeon Crawl Stone Soup version 0.18-a0-801-gb01a236 (webtiles) character file.

10607 JokEr the Fighter (level 11, -10/82 HPs)
             Began as an Octopode Fighter on Dec 14, 2015.
             Was an Initiate of Makhleb.
             Mangled by a 12-headed hydra (16 damage)
             ... on level 1 of the Lair of Beasts.
             The game lasted 00:43:19 (13226 turns).

JokEr the Fighter (Octopode Fighter)               Turns: 13226, Time: 00:43:20

Health: -10/82     AC: 10    Str: 19    XL:     11   Next: 64%
Magic:  26/26      EV: 15    Int: 13    God:    Makhleb [......]
Gold:   525        SH: 10    Dex: 11    Spells: 1 memorised, 7 levels left

rFire  . . .     SeeInvis +     G - +1 war axe (protect)
rCold  . . .     Clarity  .     b - +1 shield
rNeg   + . .     SustAt   .     (helmet restricted)
rPois  .         Gourm    .     F - amulet of rage
rElec  .         Spirit   .     k - ring of magical power
rCorr  .         Dismiss  .     y - +4 ring of protection
rMut   .         Stasis   .     C - +3 ring of evasion
MR     .....                    a - ring of positive energy
Stlth  ++++......               N - ring of see invisible
                                K - +2 ring of intelligence
                                (no ring)
                                (no ring)

@: exhausted, about to teleport, slowed, very slow, not resistant to hostile
enchantments, stealthy
A: almost no armour, amphibious, 8 rings, constrict 8, camouflage 1, gelatinous
body 1
a: Renounce Religion, Evoke Berserk Rage


You were on level 1 of the Lair of Beasts.
You worshipped Makhleb.
Makhleb was noncommittal.
You were not hungry.

You visited 3 branches of the dungeon, and saw 12 of its levels.
You also visited: Sewer.

You collected 525 gold pieces.

Inventory:

Hand Weapons
 G - a +1 war axe of protection (weapon)
Missiles
 s - 11 bolts of frost (quivered)
Armour
 b - a +1 shield (worn)
Jewellery
 a - a ring of positive energy (on tentacle)
 g - an uncursed amulet of guardian spirit
 k - a ring of magical power (left tentacle)
 y - a +4 ring of protection (right tentacle)
 C - a +3 ring of evasion (on tentacle)
 F - an amulet of rage (around mantle)
 K - a +2 ring of intelligence (on tentacle)
 N - a ring of see invisible (on tentacle)
Wands
 c - a wand of flame (15)
 h - a wand of confusion (26)
 j - a wand of fireball (0)
Scrolls
 e - 9 scrolls of remove curse
 m - a scroll of enchant armour
 o - 5 scrolls of fog
 t - 2 scrolls of fear
 u - a scroll of acquirement {unknown}
 w - 2 scrolls of magic mapping
 z - 2 scrolls of teleportation
 H - 2 scrolls of noise
 M - 2 scrolls of identify
Potions
 i - 2 potions of agility
 n - 4 potions of curing
 p - a potion of flight
 q - 2 potions of ambrosia
 r - 2 potions of magic {unknown}
 x - 2 potions of lignification {unknown}
 B - a potion of degeneration {unknown}
 D - 2 potions of poison {unknown}
 E - a potion of mutation {unknown}
 I - a potion of beneficial mutation {unknown}
 J - a potion of brilliance {unknown}
 L - a potion of cancellation {unknown}
 O - a potion of invisibility {unknown}
 R - 2 potions of heal wounds
Books
 l - a book of Air

   Spells                             Type                      Level
   a - Shock                          Conjuration/Air              1
   b - Swiftness                      Charms/Air                   2
   c - Repel Missiles                 Charms/Air                   2
   d - Static Discharge               Conjuration/Air              3
   e - Lightning Bolt                 Conjuration/Air              5
 v - a book of Maledictions

   Spells                             Type                      Level
   a - Corona                         Hexes                        1
   b - Ensorcelled Hibernation        Hexes/Ice                    2
   c - Confuse                        Hexes                        3
   d - Tukima's Dance                 Hexes                        3
   e - Dazzling Spray                 Conjuration/Hexes            3
Comestibles
 d - 4 bread rations
 f - 8 meat rations
 A - 2 beef jerkies
 P - 13 fruits
 Q - 6 slices of pizza


   Skills:
 + Level 10.4 Fighting
 + Level 10.2 Axes
 - Level 6.2 Dodging
 + Level 5.8 Stealth
 - Level 4.3 Shields
 - Level 9.2 Evocations


You had 7 spell levels left.
You knew the following spells:

 Your Spells              Type           Power        Failure   Level  Hunger
a - Static Discharge      Conj/Air       #.......     100%        3    ####...


Dungeon Overview and Level Annotations

Branches:
Dungeon (10/15)            Temple (1/1) D:7            Lair (1/8) D:10
    Orc: D:9-12

Altars:
Ashenzari
Cheibriados
Dithmenos
Elyvilon
Fedhas
Gozag
Kikubaaqudgha
Makhleb
Nemelex Xobeh
Okawaru
Pakellas
Qazlal
Sif Muna
Xom
Yredelemnul
Zin
The Shining One

Shops:
D:7 (


Innate Abilities, Weirdness & Mutations

You cannot wear most types of armour.
You are amphibious.
You can wear up to eight rings at the same time.
You can use your tentacles to constrict eight enemies at once.
Your skin changes colour to match your surroundings (Stealth).
Your rubbery body absorbs attacks (AC +1).


Message History

The 12-headed hydra bites you but does no damage.
You block the 12-headed hydra's attack. The 12-headed hydra bites you.
* * * LOW HITPOINT WARNING * * *
The 12-headed hydra closely misses you. The 12-headed hydra barely misses you.
The 12-headed hydra bites you!
* * * LOW HITPOINT WARNING * * *
You are too berserk!
You feel a strong urge to attack something.
You feel your anger subside.
You are no longer berserk.
You are exhausted.
You feel yourself slow down.
Read which item? (? for menu, Esc to quit)
As you read the scroll of teleportation, it crumbles to dust.
You feel strangely unstable.
The 12-headed hydra bites you but does no damage.
The 12-headed hydra barely misses you.
The 12-headed hydra bites you but does no damage.
You block the 12-headed hydra's attack. The 12-headed hydra misses you.
The 12-headed hydra bites you!
You die...

........≈≈≈≈#.....
....
........####......
.#..#
..............#..#.
.....
P.##...............
..... . #
##...............
.....
..####.^.#............
###.#
........#............
.....
.....................
.....
####...#....@.......
.....
#...#...D........
.....
##...#............
.....
#.......P#........
.....
#.................
.....
#.................
.....
#.......P.........
.....
#.......#.........
.....
#.......#.#####..
.....


You could see a 12-headed hydra.

Vanquished Creatures
  A hydra (D:9)
  An oklob plant (D:10)
  A hill giant (D:10)
  2 deep elf magi (D:10)
  A spiny frog (Lair:1)
  A troll (D:9)
  8 yaks
  A wraith (D:10)
  A wyvern (D:10)
  2 hippogriffs
  A hungry ghost (D:10)
  The ghost of JokEr the Sneak, an amateur OpFi (D:4)
  3 vampire mosquitoes (D:7)
  2 water moccasins
  An ice beast (D:5)
  4 orc warriors
  5 centaurs
  A crocodile (D:9)
  10 ogres
  4 big kobolds
  4 phantoms
  5 giant frogs
  A gnoll sergeant (D:9)
  A wyvern zombie (D:7)
  A wyvern skeleton (D:8)
  7 wights
  3 scorpions
  6 killer bees (D:8)
  4 crimson imps
  5 iguanas
  4 giant frog skeletons
  2 jellies
  4 orc priests
  2 centaur skeletons
  Crazy Yiuf (D:6)
  4 hounds
  7 orc wizards
  7 worker ants
  A killer bee zombie (D:6)
  2 sheep (D:9)
  4 hound skeletons
  2 worker ant zombies (D:8)
  12 adders
  10 gnolls
  4 shadow imps
  4 oozes
  2 adder skeletons
  8 worms
  5 giant geckos
  37 orcs
  7 ball pythons
  8 giant cockroaches
  6 goblins
  6 hobgoblins
  6 jackals
  8 quokkas
  A ball python skeleton (D:4)
  9 bats
  A giant gecko skeleton (D:5)
  6 giant newts
  A jackal zombie (D:6)
  14 kobolds
  2 quokka skeletons
  14 rats
  12 plants (D:10)
311 creatures vanquished.

Vanquished Creatures (others)
  An orc (D:10)
  3 plants (D:9)
4 creatures vanquished.

Grand Total: 315 creatures vanquished

Notes
Turn   | Place    | Note
--------------------------------------------------------------
     0 | D:1      | JokEr the Octopode Fighter began the quest for the Orb.
     0 | D:1      | Reached XP level 1. HP: 16/16 MP: 1/1
    30 | D:1      | Found a glowing golden altar of the Shining One.
   141 | D:1      | Reached XP level 2. HP: 21/21 MP: 2/2
   907 | D:2      | Found a shattered altar of Ashenzari.
   912 | D:2      | Reached XP level 3. HP: 22/26 MP: 1/3
  1233 | D:2      | Found a white marble altar of Elyvilon.
  1252 | D:2      | Reached skill level 1 in Stealth
  1622 | D:2      | Reached XP level 4. HP: 15/31 MP: 4/4
  1857 | D:2      | Found a faded altar to an unknown god.
  1902 | D:2      | Learned a level 3 spell: Static Discharge
  2213 | D:2      | Found a glowing golden altar of the Shining One.
  3178 | D:4      | Reached XP level 5. HP: 34/36 MP: 5/5
  3482 | D:4      | Reached skill level 4 in Shields
  3603 | D:4      | Reached XP level 6. HP: 34/43 MP: 6/6
  3949 | D:4      | Noticed JokEr's ghost (amateur OpFi)
  3958 | D:4      | Killed JokEr's ghost
  4184 | D:4      | Found an oddly glowing altar of Pakellas.
  4184 | D:4      | Found an opulent altar of Gozag.
  4286 | D:4      | Reached XP level 7. HP: 44/48 MP: 7/7
  4561 | D:5      | Entered Level 5 of the Dungeon
  4911 | D:5      | Reached skill level 5 in Dodging
  5037 | D:5      | Found a glowing drain.
  5049 | Sewer    | Entered a sewer
  5272 | Sewer    | Reached skill level 5 in Fighting
  5445 | D:5      | Reached XP level 8. HP: 55/55 MP: 8/8
  5545 | D:5      | Reached skill level 6 in Dodging
  5579 | D:5      | Reached skill level 5 in Axes
  5933 | D:6      | Noticed Crazy Yiuf
  5938 | D:6      | Killed Crazy Yiuf
  6212 | D:6      | Reached skill level 1 in Evocations
  6691 | D:6      | Reached XP level 9. HP: 63/63 MP: 10/10
  7297 | D:6      | Reached skill level 7 in Fighting
  7568 | D:7      | Found Qukekk's Antique Weapon Shoppe.
  7766 | D:7      | Found a shadowy altar of Dithmenos.
  7766 | D:7      | Found a blossoming altar of Fedhas.
  7766 | D:7      | Found an ancient bone altar of Kikubaaqudgha.
  7850 | D:7      | Found a staircase to the Ecumenical Temple.
  7883 | D:7      | Reached skill level 5 in Evocations
  8446 | D:8      | Reached skill level 8 in Fighting
  8446 | D:8      | Reached XP level 10. HP: 68/72 MP: 14/14
 10224 | D:9      | Reached skill level 9 in Fighting
 10306 | D:9      | Noticed a three-headed hydra
 10319 | D:9      | Killed an eight-headed hydra
 10640 | D:10     | Entered Level 10 of the Dungeon
 10811 | D:10     | Reached XP level 11. HP: 69/80 MP: 17/17
 10862 | D:10     | Found a staircase to the Lair.
 11135 | D:10     | Noticed a hill giant
 11155 | D:10     | Found a stormy altar of Qazlal.
 11596 | D:10     | Killed a hill giant
 11596 | D:10     | Reached skill level 10 in Fighting
 12442 | Temple   | Entered the Ecumenical Temple
 12631 | Temple   | Became a worshipper of Makhleb the Destroyer
 12774 | Lair:1   | Entered Level 1 of the Lair of Beasts
 12779 | Lair:1   | Reached skill level 10 in Axes
 13015 | Lair:1   | Reached skill level 5 in Stealth
 13205 | Lair:1   | Noticed a seven-headed hydra
 13219 | Lair:1   | HP: 6/123 [12-headed hydra (12)]
 13226 | Lair:1   | Mangled by a 12-headed hydra

Vault maps used:
D:1:      mrwooster_arrival_arrow, tso_metal_star
D:2:      evilmike_ruin_ashenzari, nicolae_overflow_hidden_temple,
          ecumenical_altar_1, elyvilon_altar_3
D:3:      lightli_corner_chamber
D:4:      gammafunk_temple_overflow_wave, first_bread
D:5:      portal_sewer_entry_d
D:6:      uniq_crazy_yiuf_cottage
D:7:      gammafunk_temple_overflow_forgotten, minmay_temple_entry_butterflies,
          serial_shops, shop
D:9:      hangedman_ranch
D:10:     dpeg_oklobed_lair, grunt_qazlal_clouds
Temple:   chambers_temple_10
Lair:1:   serial_bayou_shore_b, uniq_urug
Sewer:    sewer_co_15_rooms

Action                   |  1- 3 |  4- 6 |  7- 9 | 10-12 || total
-------------------------+-------+-------+-------+-------++-------
Melee: War axe           |    59 |    99 |   286 |   448 ||   892
 Abil: Evoke Berserk Rag |       |       |       |     1 ||     1
Evoke: Wand              |       |       |     4 |     5 ||     9
  Use: Scroll            |     4 |     1 |    19 |     4 ||    28
       Potion            |       |     1 |     1 |    11 ||    13
 Stab: Sleeping          |     5 |    13 |    24 |    18 ||    60
       Distracted        |       |     1 |     2 |     3 ||     6
  Eat: Chunk             |     2 |     6 |    10 |     8 ||    26
       Fruit             |       |     2 |     3 |     4 ||     9
       Bread ration      |       |       |     1 |     2 ||     3
